 Dungeon Crawl Stone Soup version 0.23.1-37-gaa34b87 (webtiles) character file.

Game seed: 2810860101023793468

14091 esteth the Thaumaturge (level 12, 0/89 HPs)
             Began as a Gnoll Wizard on Mar 22, 2019.
             Was a Believer of Ashenzari.
             Slain by an eight-headed hydra (5 damage)
             ... on level 2 of the Lair of Beasts on Mar 23, 2019.
             The game lasted 00:52:28 (17954 turns).

esteth the Thaumaturge (Gnoll Wizard)              Turns: 17954, Time: 00:52:29

Health: 0/89       AC:  8    Str: 14    XL:     12   Next: 12%
Magic:  3/34       EV: 17    Int: 21    God:    Ashenzari [**....]
Gold:   876        SH:  6    Dex: 15    Spells: 19/30 levels left

rFire    . . .     SeeInvis .   M - +4 rapier of Koghiyp {pain, +Blink Str+4 Int-3 Stlth+}
rCold    . . .     Gourm    .   x - +0 buckler
rNeg     . . .     Faith    .   z - +0 leather armour
rPois    .         Spirit   .   C - +0 helmet (curse)
rElec    .         Reflect  .   k - scarf {cloud immunity} (curse)
rCorr    .         Harm     .   (no gloves)
MR       .....                  (no boots)
Stlth    +++++.....             (no amulet)
HPRegen  0.24/turn              j - ring of magical power (curse)
MPRegen  0.24/turn              p - +3 ring of protection (curse)

@: lethally poisoned (0 -> -8), invisible
A: distributed training, fangs 1, strong nose
a: Curse Item, Scrying, Renounce Religion, Evoke Blink


You were on level 2 of the Lair of Beasts.
You worshipped Ashenzari.
Ashenzari was pleased with you.
You were not hungry.

You visited 3 branches of the dungeon, and saw 14 of its levels.
You also visited: Ice Cave.

You collected 876 gold pieces.

Inventory:

Hand Weapons
 f - a +0 club
 t - a +2 whip of electrocution
 u - a +0 glaive
 A - a +0 trident
 D - the +5 long sword "Siw Wumm" {elec, rElec rPois rF- MR++}
   (You found it on level 7 of the Dungeon)

   Occasionally, upon striking a foe, it will discharge some electrical energy
   and cause terrible harm.
   It makes you vulnerable to fire.
   It insulates you from electricity.
   It protects you from poison.
   It affects your resistance to hostile enchantments.
 M - the +4 rapier of Koghiyp (weapon) {pain, +Blink Str+4 Int-3 Stlth+}
   (You took it off an orc on level 10 of the Dungeon)

   In the hands of one skilled in necromantic magic, it inflicts extra damage on
   living creatures.
   It affects your strength (+4).
   It affects your intelligence (-3).
   It lets you blink.
   It makes you more stealthy.
Armour
 a - a +0 robe
 b - a +0 hat
 h - a +0 hat
 k - a cursed scarf of cloud immunity (worn)
 x - a +0 buckler (worn)
 z - a +0 leather armour (worn)
 C - a cursed +0 helmet (worn)
 F - a scarf of repulsion
 H - a scarf of resistance
 L - the +2 robe of Happy Babbling {+Inv Str-5 Int+6 Dex+3}
   (You found it on level 2 of the Lair of Beasts)

   It affects your strength (-5).
   It affects your intelligence (+6).
   It affects your dexterity (+3).
   It lets you turn invisible.
Magical Staves
 s - an uncursed staff of energy
Jewellery
 j - a cursed ring of magical power (left hand)
 p - a cursed +3 ring of protection (right hand)
 y - a +2 ring of evasion
Wands
 n - a wand of flame (22)
 o - a wand of digging (4)
 I - a wand of random effects (9)
Scrolls
 e - 4 scrolls of magic mapping
 g - a scroll of enchant weapon {unknown}
 l - 10 scrolls of teleportation
 r - a scroll of noise {unknown}
 w - a scroll of summoning {unknown}
 B - 2 scrolls of enchant armour {unknown}
 E - 4 scrolls of remove curse
 O - a scroll of amnesia {unknown}
 P - a scroll of fog {unknown}
 R - a scroll of fear {unknown}
Potions
 c - 2 potions of magic
 q - 3 potions of might
 v - 2 potions of ambrosia
 J - a potion of cancellation
 N - a potion of berserk rage
 Q - 3 potions of lignification
Miscellaneous
 K - a lamp of fire (inert)
Comestibles
 d - 10 rations


   Skills:
 + Level 6.8 Fighting
 + Level 6.8 Short Blades
 + Level 6.8 Long Blades
 + Level 6.8 Axes
 + Level 6.8 Maces & Flails
 + Level 6.8 Polearms
 + Level 6.8 Staves
 + Level 6.8 Slings
 + Level 6.8 Bows
 + Level 6.8 Crossbows
 + Level 6.8 Throwing
 + Level 6.8 Armour
 + Level 8.3 Dodging
 + Level 8.1 Stealth
 + Level 6.8 Shields
 + Level 6.8 Unarmed Combat
 + Level 9.9 Spellcasting
 + Level 6.1(7.6) Conjurations
 + Level 5.7(7.1) Hexes
 + Level 5.7(7.1) Charms
 + Level 6.1(7.6) Summonings
 + Level 5.7(7.1) Necromancy
 + Level 6.1(7.6) Translocations
 + Level 5.7(7.1) Transmutations
 + Level 5.7(7.1) Fire Magic
 + Level 5.7(7.1) Ice Magic
 + Level 5.7(7.1) Air Magic
 + Level 5.7(7.1) Earth Magic
 + Level 5.7(7.1) Poison Magic
 + Level 7.5 Invocations
 + Level 6.8(8.3) Evocations


You had 19 spell levels left.
You knew the following spells:

 Your Spells              Type           Power        Failure   Level  Hunger
a - Magic Dart            Conj           ####         1%          1    None
b - Blink                 Tloc           N/A          1%          2    None
c - Call Imp              Summ           #####...     1%          2    None
d - Conjure Flame         Conj/Fire      #####...     1%          3    None
e - Mephitic Cloud        Conj/Pois/Air  #####...     1%          3    None

Your spell library contained the following spells:

 Spells                   Type           Power        Failure   Level  Hunger
 Slow                     Hex            #####...     1%          2    None
 Irradiate                Conj/Tmut      #####.....   11%         5    ####...
 Hydra Form               Tmut           #####.....   52%         6    ######.
 Statue Form              Tmut/Erth      #####....    52%         6    ######.
 Dragon Form              Tmut           #####.....   98%         7    #######


Dungeon Overview and Level Annotations

Branches:
Dungeon (10/15)            Temple (1/1) D:4            Lair (3/6) D:10
  Swamp: Lair:2-4    Shoals: Lair:2-4     Snake: Lair:2-4    Spider: Lair:2-4
    Orc: D:9-12

Altars:
Ashenzari
Dithmenos
Hepliaklqana
Makhleb
Nemelex Xobeh
Okawaru
Qazlal
Sif Muna
Trog
Wu Jian
Zin
The Shining One

Shops:
D:9 !

Annotations:
D:2 exclusion: downstairs
D:8 exclusion: downstairs
Lair:1 exclusion: downstairs
Lair:2 2 transporters, Kotami's ghost, journeyman OpFi; Sonja


Innate Abilities, Weirdness & Mutations

Your experience applies equally to all skills.
You have very sharp teeth.
Your uncanny sense of smell can sniff out nearby items.


Message History

Kotami's ghost turns its malevolent gaze towards you.
You hear an angry growl.
The elephant trumpets!
The spiny frog stings you.
* * * LOW HITPOINT WARNING * * *
You are lethally poisoned!
The spiny frog poisons you! Kotami's ghost stares at you.
You fade into invisibility!
* * * LOW HITPOINT WARNING * * *
You feel sick. The spiny frog closely misses you.
The eight-headed hydra misses you.
The eight-headed hydra closely misses you.
The eight-headed hydra bites you but does no damage.
The eight-headed hydra closely misses you.
You block the eight-headed hydra's attack.
The eight-headed hydra closely misses you.
You block the eight-headed hydra's attack.
The eight-headed hydra bites you.
You die...

.....>..)...#.............##.####
..[........##................P.##
...(..##.(..##.#.....P...........
..###.......##.#.....#..<........
####.##............#######.......
P###.............##..#.#.....>..#
.##.....##..5....##..............
[##............F.###........#....
...............D@...............#
##..##..............©.....##.##.#
######.........#########...#####
###.#....##8W:[![8##.## #
#.##...#........©#.# #
##......#.##.Y.##.#.## #
#.......#.##r..##.#.P#####
#.......#....©SS..#..##.#.
##...#...#.##...##.#.####..


You could see an eight-headed hydra, an elephant, a black mamba (wandering), a
spiny frog, a water moccasin (wandering), a porcupine (wandering), Kotami's
ghost and a friendly white imp.

Vanquished Creatures
  Gastronok (Lair:1)
  A hydra (Lair:1)
  A two-headed ogre (D:9)
  Pikel (D:9)
  A spiny frog (Lair:3)
  Psyche (D:9)
  2 rime drakes (Lair:1)
  A komodo dragon (Lair:1)
  A troll (D:10)
  4 hippogriffs
  3 blink frogs (Lair:1)
  A wraith (D:10)
  4 yaks (Lair:1)
  A basilisk (Lair:2)
  2 hungry ghosts (D:10)
  2 wargs (D:10)
  Grum (D:9)
  2 steam dragons
  6 water moccasins
  4 porcupines
  Duvessa (D:4)
  9 ice beasts
  3 orc warriors
  2 sky beasts
  3 black bears
  2 slaves (D:9)
  A phantom (D:8)
  An ogre (D:8)
  4 centaurs
  3 wolves
  3 crocodiles
  4 bullfrogs
  A wyvern zombie (D:10)
  Dowan (D:4)
  3 scorpions
  5 killer bees (D:10)
  2 howler monkeys
  3 wights (D:6)
  10 crimson imps
  A bullfrog zombie (D:6)
  A quasit (D:10)
  A centaur zombie (D:7)
  2 hounds
  4 jellies
  13 orc wizards
  9 orc priests
  3 centaur skeletons
  2 iguanas
  7 worker ants
  A worker ant zombie (D:6)
  A howler monkey zombie (D:5)
  6 gnolls
  16 adders
  3 shadow imps (D:9)
  An ooze (D:4)
  An adder zombie (D:7)
  2 worms
  4 leopard geckos
  34 orcs
  A ball python (D:7)
  5 bats
  8 giant cockroaches
  11 goblins
  5 hobgoblins
  4 jackals
  4 quokkas
  3 frilled lizards
  A jackal skeleton (D:8)
  A jackal zombie (D:8)
  6 kobolds
  A quokka skeleton (D:4)
  5 rats
  A fungus (Lair:3)
269 creatures vanquished.

Vanquished Creatures (collateral kills)
  A spiny frog (Lair:1)
  A water moccasin (Lair:1)
  A phantom (D:4)
  A killer bee (D:10)
  A gnoll shaman (D:9)
  A worker ant (D:8)
  A gnoll (D:9)
  An adder skeleton (D:9)
  An adder zombie (D:9)
  2 orcs (D:8)
  A quokka (D:8)
12 creatures vanquished.

Vanquished Creatures (others)
  2 slaves (D:9)
  2 orcs (D:9)
  A fungus (Lair:2)
  A plant (Lair:2)
6 creatures vanquished.

Grand Total: 287 creatures vanquished

Notes
Turn   | Place    | Note
-------+----------+-------------------------------------------
     0 | D:1      | esteth the Gnoll Wizard began the quest for the Orb.
     0 | D:1      | Reached XP level 1. HP: 13/13 MP: 8/8
   446 | D:1      | Reached XP level 2. HP: 17/19 MP: 10/10
  1019 | D:1      | You fall through a shaft!
  1068 | D:2      | Found a bloodstained altar of Trog.
  1114 | D:2      | Reached XP level 3. HP: 25/25 MP: 11/11
  1150 | D:2      | Found a glowing golden altar of the Shining One.
  1214 | D:2      | Learned a level 2 spell: Blink
  1217 | D:2      | Learned a level 2 spell: Call Imp
  1221 | D:2      | Learned a level 3 spell: Conjure Flame
  1225 | D:2      | Learned a level 3 spell: Mephitic Cloud
  1270 | D:2      | Reached skill level 1 in Invocations
  1339 | D:2      | Found an iron altar of Okawaru.
  1396 | D:2      | Found a hazy altar of Hepliaklqana.
  1441 | D:2      | Reached skill level 1 in Fighting
  1441 | D:2      | Reached skill level 1 in Short Blades
  1441 | D:2      | Reached skill level 1 in Long Blades
  1441 | D:2      | Reached skill level 1 in Axes
  1441 | D:2      | Reached skill level 1 in Maces & Flails
  1441 | D:2      | Reached skill level 1 in Polearms
  1441 | D:2      | Reached skill level 1 in Staves
  1441 | D:2      | Reached skill level 1 in Slings
  1441 | D:2      | Reached skill level 1 in Bows
  1441 | D:2      | Reached skill level 1 in Crossbows
  1441 | D:2      | Reached skill level 1 in Throwing
  1441 | D:2      | Reached skill level 1 in Armour
  1441 | D:2      | Reached skill level 1 in Shields
  1441 | D:2      | Reached skill level 1 in Unarmed Combat
  1441 | D:2      | Reached skill level 1 in Evocations
  1441 | D:2      | Reached XP level 4. HP: 17/32 MP: 13/13
  2042 | D:3      | Found a burning altar of Makhleb.
  2580 | D:3      | Reached skill level 1 in Hexes
  2580 | D:3      | Reached skill level 1 in Charms
  2580 | D:3      | Reached skill level 1 in Necromancy
  2580 | D:3      | Reached skill level 1 in Transmutations
  2580 | D:3      | Reached skill level 1 in Fire Magic
  2580 | D:3      | Reached skill level 1 in Ice Magic
  2580 | D:3      | Reached skill level 1 in Air Magic
  2580 | D:3      | Reached skill level 1 in Earth Magic
  2580 | D:3      | Reached skill level 1 in Poison Magic
  2616 | D:3      | Reached XP level 5. HP: 37/37 MP: 12/14
  3716 | D:4      | Noticed a phantom
  3798 | D:4      | Killed a phantom
  4161 | D:4      | Reached XP level 6. HP: 25/44 MP: 14/16
  4390 | D:4      | Reached skill level 5 in Dodging
  4836 | D:4      | Noticed Dowan
  4840 | D:4      | Noticed Duvessa
  4863 | D:4      | Killed Dowan
  4863 | D:4      | Reached XP level 7. HP: 46/50 MP: 17/18
  4932 | D:4      | Found a staircase to the Ecumenical Temple.
  4945 | Temple   | Entered the Ecumenical Temple
  5010 | Temple   | Became a worshipper of Ashenzari the Shackled
  5533 | D:4      | Killed Duvessa
  5606 | D:5      | Entered Level 5 of the Dungeon
  5915 | D:5      | Reached skill level 5 in Stealth
  6506 | D:5      | Reached XP level 8. HP: 49/57 MP: 19/19
  6668 | D:5      | HP: 1/58 [orc priest/+0 flail (7)]
  7452 | D:6      | Reached skill level 8 in Spellcasting
  9155 | D:6      | Reached XP level 9. HP: 65/65 MP: 21/21
  9403 | D:7      | Found a flagged portal.
  9643 | D:7      | Found a stormy altar of Qazlal.
  9656 | D:7      | Reached * piety under Ashenzari
 10178 | D:7      | Got the long sword "Siw Wumm" {elec, rElec rPois rF- MR++}
 11093 | D:8      | Found a deep blue altar of Sif Muna.
 11305 | D:9      | Noticed Psyche
 11452 | D:9      | Found Irasti Haumi's Distillery.
 11467 | D:9      | Reached skill level 5 in Invocations
 11914 | D:9      | Killed Psyche
 11914 | D:9      | Reached XP level 10. HP: 50/73 MP: 20/22
 12104 | D:9      | Noticed Pikel
 12115 | D:9      | Noticed a two-headed ogre
 12127 | D:9      | Killed Pikel
 12127 | D:9      | Reached skill level 5 in Fighting
 12127 | D:9      | Reached skill level 5 in Short Blades
 12127 | D:9      | Reached skill level 5 in Long Blades
 12127 | D:9      | Reached skill level 5 in Axes
 12127 | D:9      | Reached skill level 5 in Maces & Flails
 12127 | D:9      | Reached skill level 5 in Polearms
 12127 | D:9      | Reached skill level 5 in Staves
 12127 | D:9      | Reached skill level 5 in Slings
 12127 | D:9      | Reached skill level 5 in Bows
 12127 | D:9      | Reached skill level 5 in Crossbows
 12127 | D:9      | Reached skill level 5 in Throwing
 12127 | D:9      | Reached skill level 5 in Armour
 12127 | D:9      | Reached skill level 5 in Shields
 12127 | D:9      | Reached skill level 5 in Unarmed Combat
 12127 | D:9      | Reached skill level 5 in Evocations
 12135 | D:9      | Killed a two-headed ogre
 12390 | D:9      | Noticed Grum
 12392 | D:9      | Reached skill level 9 in Spellcasting
 12405 | D:9      | Killed Grum
 12431 | D:9      | Reached skill level 5 in Conjurations
 12431 | D:9      | Reached skill level 5 in Summonings
 12431 | D:9      | Reached skill level 5 in Translocations
 13009 | D:10     | Entered Level 10 of the Dungeon
 13026 | D:10     | Found a staircase to the Lair.
 13464 | D:10     | Reached XP level 11. HP: 45/81 MP: 24/24
 13865 | D:10     | Identified the +4 rapier of Koghiyp {pain, +Blink Str+4
                  | Int-3 Stlth+}
 13952 | D:10     | Reached ** piety under Ashenzari
 14525 | Lair:1   | Entered Level 1 of the Lair of Beasts
 14592 | Lair:1   | Found a frozen archway.
 14599 | Lair:1   | Reached skill level 5 in Hexes
 14599 | Lair:1   | Reached skill level 5 in Charms
 14599 | Lair:1   | Reached skill level 5 in Necromancy
 14599 | Lair:1   | Reached skill level 5 in Transmutations
 14599 | Lair:1   | Reached skill level 5 in Fire Magic
 14599 | Lair:1   | Reached skill level 5 in Ice Magic
 14599 | Lair:1   | Reached skill level 5 in Air Magic
 14599 | Lair:1   | Reached skill level 5 in Earth Magic
 14599 | Lair:1   | Reached skill level 5 in Poison Magic
 14655 | IceCv    | Entered an ice cave
 14655 | IceCv    | Noticed a white ugly thing
 15548 | Lair:1   | Noticed Gastronok
 15588 | Lair:1   | Killed Gastronok
 16495 | Lair:2   | Noticed an eight-headed hydra
 16516 | Lair:2   | Found a transporter.
 16520 | Lair:2   | Got the uncursed robe of Happy Babbling {+Inv Str-5 Int+6
                  | Dex+3}
 16522 | Lair:2   | Noticed a six-headed hydra
 16593 | Lair:1   | Killed a six-headed hydra
 16928 | Lair:2   | Reached XP level 12. HP: 18/89 MP: 20/25
 17267 | Lair:2   | Noticed Sonja
 17556 | Lair:2   | Noticed Kotami's ghost (journeyman OpFi)
 17758 | Lair:2   | Found a transporter.
 17954 | Lair:2   | Slain by an eight-headed hydra

Skill      XL: |  1  2  3  4  5  6  7  8  9 10 11 |
---------------+----------------------------------+-----
Conjurations   | 2 3 4 5 6 |  6.1
Summonings     | 2 3 4 5 6 |  6.1
Translocations | 2 3 4 5 6 |  6.1
Invocations    | 1 2 3 4 5 6 7 |  7.5
Fighting       | 1 2 3 4 5 6 |  6.8
Short Blades   | 1 2 3 4 5 6 |  6.8
Long Blades    | 1 2 3 4 5 6 |  6.8
Axes           | 1 2 3 4 5 6 |  6.8
Maces & Flails | 1 2 3 4 5 6 |  6.8
Polearms       | 1 2 3 4 5 6 |  6.8
Staves         | 1 2 3 4 5 6 |  6.8
Slings         | 1 2 3 4 5 6 |  6.8
Bows           | 1 2 3 4 5 6 |  6.8
Crossbows      | 1 2 3 4 5 6 |  6.8
Throwing       | 1 2 3 4 5 6 |  6.8
Armour         | 1 2 3 4 5 6 |  6.8
Shields        | 1 2 3 4 5 6 |  6.8
Unarmed Combat | 1 2 3 4 5 6 |  6.8
Evocations     | 1 2 3 4 5 6 |  6.8
Hexes          | 1 2 3 4 5 |  5.7
Charms         | 1 2 3 4 5 |  5.7
Necromancy     | 1 2 3 4 5 |  5.7
Transmutations | 1 2 3 4 5 |  5.7
Fire Magic     | 1 2 3 4 5 |  5.7
Ice Magic      | 1 2 3 4 5 |  5.7
Air Magic      | 1 2 3 4 5 |  5.7
Earth Magic    | 1 2 3 4 5 |  5.7
Poison Magic   | 1 2 3 4 5 |  5.7
Dodging        | 5 6 7 8 |  8.3
Stealth        | 5 6 7 8 |  8.1
Spellcasting   | 8 9 |  9.9

Action                   |  1- 3 |  4- 6 |  7- 9 | 10-12 || total
-------------------------+-------+-------+-------+-------++-------
Melee: Club              |    85 |   100 |    90 |       ||   275
       Unarmed           |     7 |       |       |       ||     7
       Bite              |     4 |     7 |    30 |    45 ||    86
       Glaive            |       |       |   209 |       ||   209
       Trident           |       |       |   169 |    34 ||   203
       Whip              |       |       |       |   228 ||   228
       Rapier            |       |       |       |   154 ||   154
 Cast: Magic Dart        |    34 |    99 |   127 |   101 ||   361
       Mephitic Cloud    |       |     4 |    29 |    45 ||    78
       Call Imp          |       |    11 |    24 |    11 ||    46
       Conjure Flame     |       |     1 |    12 |    11 ||    24
       Blink             |       |       |     4 |    16 ||    20
Invok: Curse Item        |       |       |     4 |       ||     4
Evoke: Wand              |       |     1 |    11 |     6 ||    18
       Lamp of fire      |       |       |       |     1 ||     1
  Use: Scroll            |     1 |       |     4 |     4 ||     9
       Potion            |       |       |    10 |     7 ||    17
 Stab: Sleeping          |     2 |     5 |     4 |     5 ||    16
       Confused          |       |     3 |    12 |    24 ||    39
       Distracted        |       |       |     1 |     1 ||     2
  Eat: Chunk             |     2 |     7 |     9 |    10 ||    28
       Ration            |       |     1 |     4 |     3 ||     8
Armor: Robe              |    22 |    14 |    21 |       ||    57
       Skin              |       |       |     6 |       ||     6
       Leather armour    |       |       |    49 |    86 ||   135
Dodge: Dodged            |   101 |   112 |   334 |   301 ||   848
Block: Buckler           |       |       |    64 |   106 ||   170
